 Dungeon Crawl Stone Soup version 0.23-a0-839-g6d2b917 (console) character file.

2973 bli the Carver (level 9, 0/63 HPs)
             Began as a Barachi Fighter on Jan 25, 2019.
             Was a Priest of Hepliaklqana.
             Slain by a manticore (5 damage)
             ... on level 9 of the Dungeon.
             The game lasted 00:25:45 (7080 turns).

bli the Carver (Barachi Fighter)                    Turns: 7080, Time: 00:25:46

Health: 0/63       AC: 13    Str: 18    XL:     9   Next: 82%
Magic:  9/9        EV: 10    Int:  9    God:    Hepliaklqana [***...]
Gold:   406        SH: 11    Dex: 14    Spells: 8/8 levels left

rFire    . . .     SeeInvis .   a - +0 long sword
rCold    . . .     Gourm    .   c - +0 shield
rNeg     . . .     Faith    .   v - +4 scale mail
rPois    .         Spirit   .   y - +0 helmet
rElec    .         Reflect  .   (no cloak)
rCorr    .         Harm     .   (no gloves)
MR       .....                  (no boots)
Stlth    ..........             T - amulet of magic regeneration
HPRegen  0.20/turn              (no ring)
MPRegen  0.36/turn              (no ring)

@: barbed spikes, slow
A: +LOS, swims, reduced essence, slowness 1, strong legs 1
a: Hop, Recall Ancestor, Ancestor Identity, Transference, Renounce Religion


You were on level 9 of the Dungeon.
You worshipped Hepliaklqana.
Hepliaklqana was most pleased with you.
You were not hungry.

You visited 2 branches of the dungeon, and saw 10 of its levels.
You also visited: Sewer.

You collected 406 gold pieces.

Inventory:

Hand Weapons
 a - a +0 long sword (weapon)
 b - a +0 short sword of draining
 l - a +0 hunting sling
 G - a +0 falchion
 M - the +5 spear of Yeast {pierce, +Fly rC++ Int-2}
   (You found it on level 5 of the Dungeon)

   It inflicts extra damage upon your enemies.
   It affects your intelligence (-2).
   It greatly protects you from cold.
   It lets you fly.
 P - a +0 short sword of protection
 Q - a +0 blowgun
Missiles
 e - 357 stones (quivered)
 m - 147 sling bullets
 w - 18 tomahawks
 H - 5 poisoned tomahawks
 J - 55 poisoned needles
 K - 2 throwing nets
Armour
 c - a +0 shield (worn)
 q - a +0 chain mail
 v - a +4 scale mail (worn)
 y - a +0 helmet (worn)
 A - a +0 plate armour
Jewellery
 D - an uncursed ring of fire
 I - an uncursed amulet of the gourmand {unknown}
 T - an amulet of magic regeneration (around neck)
Wands
 O - a wand of flame (28)
Scrolls
 h - 6 scrolls of teleportation {unknown}
 i - 2 scrolls of fear {unknown}
 j - 4 scrolls of identify {unknown}
 n - 2 scrolls of random uselessness {unknown}
 r - a scroll of magic mapping {unknown}
 s - 8 scrolls of remove curse
 u - a scroll of blinking {unknown}
 x - 4 scrolls of noise {unknown}
 C - a scroll of fog {unknown}
 N - a scroll of enchant armour {unknown}
 S - a scroll of enchant weapon {unknown}
Potions
 d - 3 potions of might
 g - a potion of mutation {unknown}
 k - 7 potions of curing
 o - 2 potions of invisibility {unknown}
 p - a potion of degeneration {unknown}
 t - 3 potions of brilliance {unknown}
 z - a potion of ambrosia {unknown}
 B - a potion of berserk rage {unknown}
 E - 2 potions of cancellation {unknown}
 F - 12 potions of heal wounds {unknown}
 L - 2 potions of flight {unknown}
 R - a potion of agility {unknown}
 U - a potion of haste {unknown}
Comestibles
 f - 14 rations


   Skills:
 * Level 6.9 Fighting
 + Level 10.1 Long Blades
 + Level 7.6 Armour
 + Level 2.9 Dodging
 * Level 8.0 Shields


You had 8 spell levels left.
You didn't know any spells.
Your spell library contained the following spells:

 Spells                   Type           Power        Failure   Level  Hunger
 Beastly Appendage        Tmut           #.....       95%         1    ##.....
 Summon Small Mammal      Summ           #...         95%         1    ##.....
 Call Imp                 Summ           #.......     99%         2    ###....
 Sticks to Snakes         Tmut           #.......     99%         2    ###....
 Call Canine Familiar     Summ           #.......     100%        3    ####...
 Spider Form              Tmut/Pois      #.........   100%        3    ####...
 Summon Guardian Golem    Hex/Summ       #.......     100%        3    ####...
 Ice Form                 Ice/Tmut       #.......     100%        4    #####..
 Summon Ice Beast         Ice/Summ       #.......     100%        4    #####..
 Summon Lightning Spire   Summ/Air       #.......     100%        4    #####..
 Blade Hands              Tmut           #.........   100%        5    ######.
 Bolt of Magma            Conj/Fire/Erth #.........   100%        5    ######.
 Iskenderun's Battlesphe  Conj/Chrm      #.......     100%        5    ######.
 Venom Bolt               Conj/Pois      #.........   100%        5    ######.
 Iron Shot                Conj/Erth      #.........   100%        6    #######
 Orb of Destruction       Conj           #.........   100%        7    #######
 Spellforged Servitor     Conj/Summ      #.........   100%        7    #######


Dungeon Overview and Level Annotations

Branches:
Dungeon (9/15)             Temple (1/1) D:4
   Lair: D:8-11         Orc: D:9-12

Altars:
Ashenzari
Cheibriados
Dithmenos
Elyvilon
Fedhas
Gozag
Hepliaklqana
Kikubaaqudgha
Makhleb
Nemelex Xobeh
Okawaru
Qazlal
Ru
Sif Muna
Trog
Uskayaw
Vehumet
Wu Jian
Xom
Yredelemnul
Zin
The Shining One

Shops:
D:4 :   D:6 (   D:7 !


Innate Abilities, Weirdness & Mutations

Shadows flee at your approach. (+LOS)
You can swim through water.
You cover ground slowly.
You can hop short distances.
Your life essence is reduced to manifest your ancestor. (-10% HP)


Message History

The manticore claws you but does no damage.
You block the manticore's attack.
Enheduana hits the manticore but does no damage.
You hit the manticore.
The manticore is moderately wounded.
You block the manticore's attack.
The manticore claws you but does no damage.
You block the manticore's attack.
You completely miss the manticore.
The manticore is moderately wounded.
Enheduana hits the manticore but does no damage.
Enheduana drains the manticore.
The manticore bites you!
* * * LOW HITPOINT WARNING * * *
The manticore misses you.
The manticore claws you but does no damage.
You closely miss the manticore.
The manticore is heavily wounded.
Enheduana hits the manticore with a +0 dagger of draining.
Enheduana drains the manticore.
The manticore bites you.
You die...

... .. #. #####+#.##...
## #.######.......##...
..####...................
........ ................
.....#.. #............
....#..#####............
............####.#......
#....††..+...........
#.(.R)...####.#......
#..H@....# #.#..#...
#........# #.#..#..#
#..........# #.#..#..#
#..##............#......
#. #..###.#####.#..#..# #
#.. ..............# ...
............... ##..
.##.##.#...... #..
#.##.......# ###..#.<#
..... ........#


You could see the friendly Enheduana the hexer and a manticore.

Vanquished Creatures
  A troll (D:9)
  An ice beast (D:8)
  2 phantoms
  3 ogres
  A centaur (D:7)
  5 big kobolds
  2 bullfrogs
  A wyvern zombie (D:6)
  3 scorpions
  2 howler monkeys
  3 crimson imps
  A bullfrog skeleton (D:7)
  An orc priest (D:4)
  2 centaur skeletons (D:4)
  A hound (D:8)
  A worker ant (D:4)
  An orc wizard (D:9)
  2 worker ant zombies
  A howler monkey skeleton (D:8)
  5 adders
  A river rat (D:5)
  2 oozes
  5 worms
  3 leopard geckos
  15 orcs
  7 bats
  11 giant cockroaches
  8 goblins
  4 hobgoblins
  A jackal (D:6)
  21 kobolds
  A quokka (D:4)
  3 ball pythons
  4 frilled lizards
  2 quokka skeletons
  14 rats
141 creatures vanquished.

Vanquished Creatures (collateral kills)
  An orc warrior (D:7)
  2 black bears
  An ogre (D:4)
  A centaur (D:8)
  A big kobold (Sewer)
  A bullfrog (D:7)
  3 hounds
  A bullfrog skeleton (D:9)
  An orc wizard (D:5)
  4 iguanas
  A worker ant (D:5)
  A howler monkey zombie (D:7)
  2 adders
  2 worms
  A leopard gecko (D:7)
  9 orcs
  2 giant cockroaches (D:5)
  3 goblins (D:7)
  2 jackals (D:6)
  7 kobolds
  A quokka (D:8)
  A frilled lizard (Sewer)
48 creatures vanquished.

Vanquished Creatures (others)
  A hexer (D:8)
1 creature vanquished.

Grand Total: 190 creatures vanquished

Notes
Turn   | Place    | Note
-------+----------+-------------------------------------------
     0 | D:1      | bli the Barachi Fighter began the quest for the Orb.
     0 | D:1      | Reached XP level 1. HP: 18/18 MP: 1/1
    95 | D:1      | Reached skill level 3 in Long Blades
   167 | D:1      | Reached XP level 2. HP: 24/24 MP: 2/2
   590 | D:1      | Reached skill level 4 in Long Blades
   646 | D:1      | Reached XP level 3. HP: 27/29 MP: 3/3
  1705 | D:2      | Noticed a scorpion
  1722 | D:2      | Killed a scorpion
  1722 | D:2      | Reached skill level 5 in Long Blades
  1722 | D:2      | Reached XP level 4. HP: 34/36 MP: 4/4
  2162 | D:3      | Reached XP level 5. HP: 40/41 MP: 5/5
  2200 | D:3      | Reached skill level 6 in Long Blades
  2404 | D:3      | Found a shimmering altar of Xom.
  2411 | D:3      | Found a sparkling altar of Nemelex Xobeh.
  2763 | D:4      | Found a staircase to the Ecumenical Temple.
  2788 | Temple   | Entered the Ecumenical Temple
  2910 | Temple   | Became a worshipper of Hepliaklqana the Forgotten
  3002 | D:4      | Noticed an ogre
  3008 | D:4      | Killed an ogre
  3008 | D:4      | Reached XP level 6. HP: 20/43 MP: 6/6
  3166 | D:4      | Reached skill level 5 in Armour
  3202 | D:4      | Reached XP level 7. HP: 31/49 MP: 7/7
  3439 | D:4      | Reached * piety under Hepliaklqana
  3608 | D:4      | Found Luomibet's Book Emporium.
  3927 | D:5      | Entered Level 5 of the Dungeon
  3932 | D:5      | Reached skill level 7 in Long Blades
  3946 | D:5      | Reached skill level 1 in Dodging
  4106 | D:5      | Reached skill level 5 in Shields
  4148 | D:5      | Got a dazzling spear
  4429 | D:5      | Found a glowing drain.
  4446 | Sewer    | Entered a sewer
  4550 | Sewer    | Reached XP level 8. HP: 52/54 MP: 8/8
  4691 | Sewer    | Reached skill level 5 in Fighting
  4699 | Sewer    | Reached skill level 8 in Long Blades
  4899 | D:6      | Reached ** piety under Hepliaklqana
  4901 | D:6      | Remembered your ancestor Enheduana as a hexer
  4949 | D:6      | Found Faor's Antique Weapon Shop.
  4952 | D:6      | Identified the +5 spear of Yeast {pierce, +Fly rC++ Int-2}
                  | (You found it on level 5 of the Dungeon)
  5003 | D:6      | Found a snail-covered altar of Cheibriados.
  5393 | D:7      | Reached skill level 9 in Long Blades
  5563 | D:7      | Reached XP level 9. HP: 58/62 MP: 9/9
  5639 | D:7      | Found a shattered altar of Ashenzari.
  5639 | D:7      | Found a sacrificial altar of Ru.
  5640 | D:7      | Found a radiant altar of Vehumet.
  5640 | D:7      | Found a basalt altar of Yredelemnul.
  5640 | D:7      | Found a hide-covered altar of Uskayaw.
  5883 | D:7      | Found a flagged portal.
  6072 | D:7      | Reached *** piety under Hepliaklqana
  6082 | D:7      | Found Wazayso's Distillery.
  6333 | D:8      | Noticed a two-headed ogre
  6723 | D:8      | Reached skill level 10 in Long Blades
  6836 | D:8      | Found a stormy altar of Qazlal.
  6836 | D:8      | Found a blossoming altar of Fedhas.
  7012 | D:9      | Noticed a troll
  7029 | D:9      | Killed a troll
  7069 | D:9      | Noticed a manticore
  7080 | D:9      | Slain by a manticore

Vault maps used:
D:1:      wander_arrival_lonely_grave, st_stairs_7
D:2:      first_ration, kennysheep_generic_room_8
D:3:      amethyst_overflow_temple_binary
D:4:      minmay_temple_entry_proselytizer, serial_shops,
          nicolae_shop_behind_doors
D:5:      gup_sewer_entry_bubbles
D:6:      slow_altar_1, serial_shops, nicolae_shop_overgrown_old_shop,
          st_stairs_13, grunt_ministairs_5
D:7:      grunt_temple_overflow_open, serial_shops, nicolae_shop_waterfront,
          enter_bailey_3
D:8:      grunt_temple_overflow_forces_of_nature, grunt_ogre_cave,
          chequers_serial_rivers_small_b
D:9:      minmay_cornered_nines, lair_entry_dummy, basic_altar
Temple:   minmay_temple_bridge_abc
Sewer:    kennysheep_pipe_town

Skill      XL: |  1  2  3  4  5  6  7  8  9 |
---------------+----------------------------+-----
Long Blades    | 3 4 5 6 7 9 10 | 10.1
Armour         | 4 5 6 7 |  7.6
Fighting       | 4 5 6 |  6.9
Shields        | 4 5 6 8 |  8.0
Dodging        | 1 2 |  2.9

Action                   |  1- 3 |  4- 6 |  7- 9 || total
-------------------------+-------+-------+-------++-------
Melee: Long sword        |   105 |   133 |   398 ||   636
 Fire: Blowgun           |       |       |     2 ||     2
Throw: Stone             |     7 |    19 |    21 ||    47
Invok: Recall Ancestor   |       |       |     1 ||     1
       Ancestor Life: He |       |       |     1 ||     1
 Abil: Hop               |       |       |     1 ||     1
Evoke: Wand              |       |       |     1 ||     1
  Use: Scroll            |       |       |     1 ||     1
 Stab: Distracted        |       |       |     2 ||     2
       Confused          |       |       |     3 ||     3
  Eat: Chunk             |     3 |     6 |     9 ||    18
       Ration            |       |       |     2 ||     2
Armor: Scale mail        |    56 |    60 |   172 ||   288
Dodge: Dodged            |    33 |    40 |   139 ||   212
Block: Shield            |    67 |    75 |   230 ||   372
       Rpst.: Long sword |     9 |    10 |    35 ||    54

Table legend:
 A = Non-vault XP
 B = Vault XP
 C = Vault XP percentage of total XP
 D = Non-vault monster count
 E = Vault monster count
 F = Vault count percentage of total count
                 A         B        C        D         E       F
            +---------+---------+-------+---------+---------+-------
      Total |    3485 |     763 |  18.0 |     149 |      40 |  21.2
            +---------+---------+-------+---------+---------+-------
        D:1 |      37 |       1 |   2.6 |      21 |       1 |   4.5
        D:2 |     121 |       1 |   0.8 |      16 |       1 |   5.9
        D:3 |      41 |       0 |   0.0 |      16 |       0 |   0.0
        D:4 |     523 |      41 |   7.3 |      11 |       1 |   8.3
        D:5 |     260 |      29 |  10.0 |      19 |       5 |  20.8
        D:6 |     386 |     129 |  25.0 |      11 |       3 |  21.4
        D:7 |     758 |       8 |   1.0 |      21 |       4 |  16.0
        D:8 |     975 |     122 |  11.1 |      28 |       1 |   3.4
        D:9 |     384 |       0 |   0.0 |       6 |       0 |   0.0
      Sewer |       0 |     432 | 100.0 |       0 |      24 | 100.0
            +---------+---------+-------+---------+---------+-------
